Map: Línea Aguablanca EE

Players

MrFercho

  • Race: Zerg Zerg
  • League: Gold
  • Spawn Location: 12:00

tigro

  • Race: Terran Terran
  • League: Bronze
  • Spawn Location: 1:00

TATORREA

  • Race: Protoss Protoss
  • League: Gold
  • Spawn Location: 1:00

GrumpyPants

  • Race: Protoss Protoss
  • League: Gold
  • Spawn Location: 7:00

LincolnIII

  • Race: Terran Terran
  • Spawn Location: 7:00

tomhobbes

  • Race: Protoss Protoss
  • Spawn Location: 6:00

VOD

Have the link to the VOD?

Description

Time

  • Played on: Aug. 8, 2020, 9:04 p.m.
  • Length: 11:51
Show
View Real Time Build Order
Export as new Build Order

MrFercho Zerg 

Build Orders: Pool First 

Get SALT Encoding   

  12  0:21  Spawning Pool  
  11  0:41  Drone x3  
  14  0:56  Overlord  
  14  1:14  Overlord  
  14  1:16  Zergling x2  
  15  1:18  Queen  
  17  1:28  Zergling x2  
  18  1:57  Drone  
  18  1:58  Drone  
  18  1:59  Overlord  
  20  2:13  Drone  
  21  2:17  Hatchery  
  20  2:29  Drone x2  
  22  2:38  Drone x3  
  25  2:44  Extractor  
  25  2:46  Queen  
  26  2:53  Drone  
  27  3:21  Drone  
  27  3:22  Drone  
  29  3:29  Drone x2  
  29  3:31  Drone  
  32  3:34  Overlord  
  32  3:40  Drone  
  32  3:41  Queen  
  35  3:52  Metabolic Boost  
  35  3:54  Drone  
  35  3:55  Extractor, Drone x4  
  39  4:08  Drone x2  
  41  4:16  Queen  
  43  4:30  Lair  
  43  4:32  Drone x4  
  43  4:35  Drone x2  
  49  4:39  Hatchery  
  49  4:44  Evolution Chamber  
  47  4:50  Drone  
  47  4:51  Drone  
  49  4:53  Baneling Nest, Drone  
  49  5:08  Spore Crawler  
  48  5:15  Drone, Spore Crawler  
  48  5:25  Zergling x8  
  48  5:28  Overlord x3  
  52  5:32  Zerg Melee Weapons Level 1  
  51  6:08  Zergling x14  
  51  6:09  Zergling x14  
  64  6:20  Zergling x10  
  65  6:27  Queen x2  
  67  6:42  Extractor  
  58  6:57  Zergling x2  
  58  6:58  Zergling x12  
  66  7:15  Drone  
  66  7:16  Nydus Network  
  65  7:29  Hydralisk Den  
  64  7:30  Overlord x2  
  64  7:32  Overlord  
  64  7:35  Zergling x12  
  64  7:36  Centrifical Hooks  
  70  7:45  Overlord x2  
  70  7:53  Pneumatized Carapace  
  70  7:55  Zerg Melee Weapons Level 2  
  70  8:00  Baneling  
  70  8:01  Baneling x10  
  70  8:03  Zergling x16  
  78  8:15  Hatchery  
  77  8:28  Hydralisk x3  
  77  8:31  Zergling x2  
  77  8:32  Zergling x8  
  88  8:44  Hatchery  
  88  8:47  Grooved Spines  
  87  9:05  Queen  
  89  9:15  Queen  
  91  9:17  Zergling x12  
  91  9:18  Zergling x10  
  102  9:41  Queen  
  104  9:51  Queen  
  106  9:54  Nydus Canal  
  106  9:59  Zergling x22  
  57  10:50  Hydralisk  
  57  10:51  Hydralisk x16  
  91  11:23  Hydralisk x3  
Show
View Real Time Build Order
Export as new Build Order

tigro Terran 

Build Orders:  

Get SALT Encoding   

  12  0:22  Supply Depot  
  12  0:32  SCV  
  13  0:44  SCV  
  13  0:45  Supply Depot  
  14  0:53  Barracks  
  14  0:56  SCV  
  15  1:09  SCV  
  16  1:21  SCV  
  17  1:30  Refinery  
  17  1:32  Refinery  
  17  1:33  SCV  
  18  1:45  SCV  
  19  1:51  Marine  
  20  1:57  SCV  
  21  2:09  Marine, SCV  
  23  2:21  SCV  
  24  2:24  Factory  
  24  2:27  Marine  
  25  2:30  Engineering Bay  
  25  2:45  Marine  
  25  2:50  SCV  
  27  3:02  Marine  
  28  3:10  Factory Tech Lab  
  28  3:18  Starport, Orbital Command  
  28  3:21  Command Center  
  28  3:35  Barracks Tech Lab  
  28  3:37  Siege Tank  
  31  3:45  Terran Infantry Weapons Level 1  
  31  3:57  Medivac  
  33  4:08  Missile Turret  
  33  4:31  Missile Turret  
  33  4:33  Missile Turret  
  33  4:35  SCV  
  34  4:39  Starport Tech Lab  
  34  4:43  Stimpack  
  34  4:47  SCV  
  35  4:59  SCV  
  36  5:00  Refinery  
  36  5:09  Marine  
  36  5:11  SCV  
  38  5:15  Siege Tank  
  41  5:23  SCV  
  41  5:27  Armory, Marine  
  43  5:40  Missile Turret  
  43  5:44  SCV, Refinery  
  43  5:45  Marine  
  45  5:56  SCV  
  46  6:03  Marine  
  47  6:09  SCV  
  41  6:20  Marine  
  41  6:21  SCV  
  41  6:22  Combat Shield  
  42  6:46  Medivac  
  44  6:48  Marine  
  45  6:55  Fusion Core  
  45  6:57  Thor  
  51  7:05  Marine  
  52  7:14  Terran Vehicle Weapons Level 1  
  52  7:23  Marine  
  52  7:24  Terran Infantry Armor Level 1  
  53  7:40  Thor, SCV  
  53  7:41  Marine  
  61  7:52  SCV  
  62  8:15  Supply Depot  
  62  8:36  Marine, SCV  
  62  8:38  Supply Depot  
  64  8:47  Weapon Refit  
  64  8:48  SCV  
  65  9:01  Supply Depot, SCV  
  66  9:06  Marine  
  66  9:08  Terran Vehicle And Ship Armor Level 1  
  67  9:12  Battlecruiser  
  67  9:13  SCV  
  74  9:18  Neosteel Armor  
  74  9:24  Marine  
  74  9:25  SCV  
  76  9:37  SCV  
  77  9:42  Marine  
  78  9:45  Missile Turret  
  78  9:49  SCV  
  79  9:59  Marine  
  80  10:07  Missile Turret  
  80  10:16  Battlecruiser  
  80  10:17  Command Center  
  86  10:27  Rapid Reignition System, Missile Turret  
  86  10:41  Marine  
  86  10:49  Missile Turret  
  55  10:59  Marine  
  55  11:00  SCV  
  57  11:12  SCV  
  57  11:17  Marine  
Show
View Real Time Build Order
Export as new Build Order

TATORREA Protoss 

Build Orders:  

Get SALT Encoding   

  12  0:03  Probe  
  13  0:32  Pylon  
  13  0:34  Probe  
  14  0:46  Probe  
  15  0:58  Probe  
  15  1:01  Gateway  
  15  1:03  Gateway  
  16  1:14  Probe  
  17  1:21  Assimilator  
  17  1:24  Pylon  
  17  1:26  Probe  
  18  1:38  Assimilator, Probe  
  19  1:41  Pylon  
  19  1:50  Probe  
  20  1:54  Cybernetics Core  
  20  2:02  Probe  
  21  2:14  Probe  
  22  2:36  Robotics Facility  
  22  2:37  Gateway  
  22  2:40  Gateway  
  22  2:41  Warp Gate  
  22  2:44  Stalker  
  24  2:51  Stalker  
  26  2:55  Probe  
  27  3:14  Stalker  
  29  3:21  Stalker  
  31  3:30  Nexus  
  31  3:39  Pylon  
  31  3:52  Immortal (Chrono Boost)  
  35  4:16  Probe (Chrono Boost)  
  36  4:21  Immortal (Chrono Boost)  
  40  4:26  Probe (Chrono Boost)  
  41  4:31  Probe (Chrono Boost)  
  42  4:42  Probe x2  
  44  4:54  Probe x2, Observer  
  44  4:57  Pylon  
  47  5:01  Pylon  
  47  5:04  Pylon  
  47  5:06  Probe x2  
  49  5:18  Probe x2  
  49  5:19  Assimilator  
  51  5:21  Assimilator  
  51  5:25  Gateway  
  51  5:30  Probe  
  44  6:20  Stalker x4  
  44  6:21  Probe  
  44  6:22  Probe  
  44  6:24  Immortal  
  56  6:34  Probe x2  
  56  6:36  Gateway  
  51  6:41  Gateway x2  
  51  6:46  Probe x2  
  53  6:49  Twilight Council  
  53  6:57  Zealot  
  55  7:03  Immortal  
  55  7:04  Robotics Bay  
  59  7:16  Probe x2  
  61  7:25  Stalker x3  
  61  7:26  Stalker x2  
  61  7:28  Probe  
  72  7:35  Templar Archives  
  72  7:37  Blink  
  72  7:41  Probe  
  73  8:04  Nexus  
  73  8:06  Pylon  
  73  8:09  Protoss Air Weapons Level 1, Pylon  
  73  8:30  Stargate  
  73  8:35  Stargate  
  73  8:36  Stargate  
  73  8:45  Probe x2  
  75  8:50  Stalker x2  
  75  8:51  Stalker x3  
  85  8:57  Probe x2  
  87  9:03  Assimilator x2  
  87  9:09  Probe x2  
  89  9:21  Probe x2  
  91  9:30  Probe  
  92  9:33  Probe x2  
  94  9:41  Void Ray x3  
  94  9:42  Probe  
  107  9:52  Fleet Beacon  
  107  9:59  Stalker x2  
  111  10:00  Stalker  
  111  10:01  Stalker  
  115  10:16  Gateway x2  
  113  10:25  Stalker  
  113  10:26  Stalker x4  
  113  10:27  Stalker x2  
  116  10:40  Probe  
  117  11:02  Probe x2  
  117  11:03  Probe  
  54  11:14  Probe x2  
  54  11:15  Probe  
  54  11:16  Stalker  
  54  11:17  Stalker x4  
  54  11:18  Stalker x3  
  67  11:26  Probe x2  
  67  11:27  Probe  
  70  11:47  Stalker x4  
  72  11:48  Stalker  
  72  11:49  Stalker  
Show
View Real Time Build Order
Export as new Build Order

GrumpyPants Protoss 

Build Orders: 1 Gate Expand 

Get SALT Encoding   

  12  0:00  Probe  
  13  0:13  Probe  
  14  0:23  Pylon  
  14  0:25  Probe  
  15  0:41  Probe  
  15  0:42  Gateway  
  16  0:51  Assimilator  
  16  0:54  Probe  
  17  1:21  Nexus  
  17  1:22  Probe  
  18  1:38  Probe  
  19  1:42  Cybernetics Core  
  19  1:45  Assimilator  
  19  1:59  Probe  
  20  2:11  Probe  
  21  2:17  Gateway, Pylon  
  21  2:23  Probe  
  21  2:26  Warp Gate (Chrono Boost)  
  22  2:33  Stalker  
  22  2:36  Pylon  
  24  2:38  Probe (Chrono Boost)  
  24  2:42  Probe (Chrono Boost)  
  26  2:48  Probe (Chrono Boost)  
  26  2:50  Probe (Chrono Boost)  
  28  2:54  Probe (Chrono Boost)  
  28  2:57  Probe (Chrono Boost)  
  30  3:04  Probe (Chrono Boost)  
  31  3:10  Sentry x2  
  31  3:12  Probe (Chrono Boost)  
  37  3:13  Probe (Chrono Boost)  
  37  3:19  Probe (Chrono Boost)  
  38  3:20  Pylon  
  38  3:25  Probe (Chrono Boost)  
  38  3:27  Probe (Chrono Boost)  
  40  3:31  Probe (Chrono Boost)  
  40  3:33  Probe (Chrono Boost)  
  41  3:38  Gateway  
  42  3:45  Assimilator, Probe (Chrono Boost)  
  44  3:49  Probe (Chrono Boost)  
  44  3:51  Stalker  
  44  3:53  Probe (Chrono Boost)  
  48  3:56  Pylon, Probe (Chrono Boost)  
  48  4:00  Probe  
  48  4:02  Assimilator  
  49  4:07  Probe  
  50  4:12  Probe  
  51  4:21  Forge  
  51  4:25  Pylon x2  
  51  4:27  Pylon  
  51  4:28  Stalker  
  53  4:37  Stalker x2  
  57  4:45  Probe  
  58  5:17  Protoss Ground Weapons Level 1 (Chrono Boost)  
  58  5:27  Twilight Council, Nexus  
  58  5:30  Photon Cannon  
  58  5:32  Photon Cannon  
  58  5:37  Stalker  
  58  5:38  Stalker x2  
  64  5:53  Pylon  
  64  5:55  Pylon  
  64  6:09  Zealot x2  
  64  6:10  Zealot  
  68  6:28  Probe x2  
  68  6:29  Photon Cannon  
  70  6:34  Zealot x3  
  76  6:40  Probe  
  77  6:49  Probe x2  
  77  6:52  Probe  
  80  6:57  Photon Cannon  
  80  7:00  Photon Cannon  
  81  7:01  Probe (Chrono Boost)  
  81  7:02  Probe (Chrono Boost)  
  81  7:06  Probe (Chrono Boost)  
  83  7:11  Charge (Chrono Boost)  
  83  7:13  Probe (Chrono Boost)  
  83  7:14  Probe (Chrono Boost)  
  86  7:16  Probe (Chrono Boost)  
  86  7:18  Probe x2 (Chrono Boost)  
  88  7:25  Robotics Facility  
  88  7:32  Gateway  
  88  7:35  Gateway x2  
  88  7:36  Gateway  
  88  7:38  Pylon  
  88  7:39  Probe  
  88  7:40  Gateway, Probe x2  
  88  7:42  Assimilator, Pylon  
  88  7:43  Gateway  
  88  7:44  Gateway, Assimilator  
  91  7:49  Photon Cannon  
  91  7:52  Probe  
  91  7:54  Pylon  
  92  7:58  Stalker x2  
  92  7:59  Stalker, Photon Cannon  
  92  8:00  Protoss Ground Weapons Level 2 (Chrono Boost)  
  98  8:06  Probe  
  99  8:19  Robotics Bay  
  99  8:21  Photon Cannon  
  99  8:29  Blink (Chrono Boost)  
  99  8:30  Templar Archives  
  99  8:32  Warp Prism  
  101  8:38  Zealot x2  
  101  8:39  Zealot x5  
  115  9:04  Extended Thermal Lance (Chrono Boost)  
  115  9:08  Observer (Chrono Boost)  
  116  9:15  High Templar  
  116  9:16  High Templar x3  
  124  9:17  High Templar x3  
  124  9:18  High Templar  
  124  9:21  Colossus (Chrono Boost), Archon x2  
  124  9:22  Archon x2  
  138  9:26  Zealot x2  
  142  9:33  Gateway  
  142  9:34  Gateway  
  142  9:38  Gateway  
  142  9:43  Psionic Storm  
  142  9:54  High Templar  
  142  9:55  High Templar  
  142  9:57  High Templar  
  148  10:06  Pylon  
  148  10:07  Pylon  
  148  10:14  Pylon  
  148  10:15  Pylon  
  148  10:20  Colossus (Chrono Boost)  
  148  10:21  Pylon  
  148  10:23  Pylon  
  148  10:27  Pylon, Nexus  
  150  10:29  Gravitic Boosters (Chrono Boost)  
  150  10:30  High Templar  
  142  10:37  Zealot x5  
  142  10:38  Zealot x3  
  144  11:15  Zealot x6  
  144  11:16  Zealot x6  
  166  11:40  Assimilator  
  166  11:44  Assimilator  
Show
View Real Time Build Order
Export as new Build Order

LincolnIII Terran 

Build Orders:  

Get SALT Encoding   

  12  0:01  SCV  
  13  0:13  SCV  
  14  0:24  Supply Depot  
  14  0:31  Supply Depot  
  14  0:32  SCV  
  15  0:46  SCV  
  16  0:52  Barracks  
  16  0:58  SCV  
  17  1:08  Barracks  
  17  1:12  SCV  
  18  1:24  SCV  
  19  1:27  Barracks  
  19  1:38  Refinery  
  19  1:43  Orbital Command  
  19  1:46  Marine  
  20  2:18  Command Center  
  20  2:21  Marine  
  21  2:25  Marine  
  22  2:34  Refinery  
  22  2:35  SCV  
  23  2:37  Marine  
  24  2:47  Marine x2, SCV  
  27  2:59  SCV  
  27  3:02  Marine, Factory  
  29  3:09  Marine  
  29  3:10  Marine  
  31  3:20  Supply Depot  
  31  3:25  Supply Depot  
  31  3:30  Marine  
  31  3:31  Supply Depot  
  32  3:35  SCV  
  33  3:46  Orbital Command  
  33  3:48  Marine  
  33  3:52  Marine  
  33  3:54  Marine  
  36  4:05  Starport  
  36  4:06  Factory Reactor  
  36  4:08  SCV  
  37  4:11  Marine  
  37  4:14  Marine  
  37  4:15  Marine  
  40  4:22  SCV  
  41  4:25  SCV  
  42  4:34  SCV  
  42  4:35  Engineering Bay  
  42  4:36  Engineering Bay  
  43  4:51  Supply Depot  
  43  4:56  Medivac x2  
  43  4:59  SCV  
  48  5:06  SCV  
  49  5:11  SCV  
  50  5:18  SCV  
  51  5:22  Barracks Tech Lab  
  51  5:23  SCV  
  51  5:24  Barracks Reactor  
  51  5:25  Barracks Reactor  
  52  5:30  Medivac, SCV  
  52  5:31  Medivac  
  52  5:35  SCV  
  58  5:37  Supply Depot  
  56  6:08  Marine  
  56  6:09  Marauder, Marine x3  
  61  6:28  Stimpack  
  61  6:31  Marauder  
  62  6:40  Terran Infantry Weapons Level 1  
  62  6:41  Terran Infantry Armor Level 1  
  62  6:43  Marine  
  62  6:44  Marine x3  
  66  6:52  Marauder  
  68  6:56  SCV  
  68  6:58  SCV  
  70  7:01  Marine x3  
  70  7:02  Refinery  
  70  7:07  Barracks  
  73  7:08  SCV  
  73  7:09  Barracks  
  73  7:10  SCV  
  73  7:11  Marine  
  73  7:13  Marauder  
  78  7:15  Barracks  
  78  7:16  Barracks  
  78  7:20  Armory  
  78  7:28  Supply Depot  
  78  7:30  Supply Depot  
  78  7:47  Refinery  
  78  7:49  Marine x5  
  78  7:50  SCV x2  
  85  7:58  Barracks Reactor x2  
  85  7:59  Barracks  
  85  8:05  Barracks Reactor x2, Barracks, Command Center  
  85  8:07  Barracks, Combat Shield, Marine  
  86  8:19  SCV  
  87  8:26  Supply Depot  
  87  8:27  Supply Depot  
  87  8:29  Supply Depot  
  87  8:31  SCV  
  88  8:36  Terran Infantry Weapons Level 2  
  88  8:41  Terran Infantry Armor Level 2  
  88  8:43  Marine, SCV  
  88  8:47  SCV  
  91  8:54  Barracks Reactor x2  
  91  8:55  Barracks Reactor, SCV  
  92  8:56  Marine  
  93  9:05  Supply Depot  
  93  9:07  SCV  
  93  9:09  Supply Depot  
  94  9:10  Supply Depot  
  94  9:19  Marine  
  94  9:20  Marine x10  
  94  9:21  Marine x2  
  107  9:26  Concussive Shells  
  107  9:33  Orbital Command  
  107  9:39  Marine x8  
  107  9:40  Marine  
  107  9:45  Medivac  
  118  9:46  Medivac  
  120  9:54  Marine x4  
  120  9:56  Marine  
  125  10:02  Supply Depot  
  125  10:04  Supply Depot  
  125  10:09  Supply Depot  
  125  10:14  Medivac  
  121  10:25  Supply Depot  
  118  10:40  Marine  
  118  10:41  Marine x18  
  137  10:58  Marine x4  
  137  10:59  Marine x3  
Show
View Real Time Build Order
Export as new Build Order

tomhobbes Protoss 

Build Orders: Carriers, Carrier Rush 

Get SALT Encoding   

  12  0:04  Probe  
  13  0:16  Pylon  
  13  0:32  Probe  
  14  0:39  Gateway  
  14  0:44  Probe  
  15  0:57  Probe  
  15  1:00  Assimilator  
  15  1:03  Pylon  
  16  1:09  Probe  
  17  1:14  Assimilator  
  17  1:21  Probe  
  18  1:33  Probe, Cybernetics Core  
  18  1:45  Probe  
  19  2:04  Probe  
  19  2:05  Warp Gate (Chrono Boost)  
  20  2:16  Probe  
  21  2:22  Stargate  
  21  2:28  Probe  
  22  2:47  Nexus  
  22  2:49  Probe  
  23  3:01  Probe  
  23  3:03  Gateway  
  24  3:13  Probe  
  25  3:25  Pylon  
  25  3:26  Probe  
  26  3:27  Assimilator  
  26  3:38  Probe  
  27  3:45  Pylon  
  27  3:50  Probe  
  28  4:01  Fleet Beacon, Probe  
  28  4:02  Protoss Air Weapons Level 1, Probe  
  30  4:25  Forge, Probe x2 (Chrono Boost)  
  32  4:37  Probe (Chrono Boost)  
  32  4:38  Probe (Chrono Boost)  
  34  4:40  Assimilator  
  34  4:45  Probe x2 (Chrono Boost)  
  36  4:51  Probe x2  
  37  4:55  Carrier  
  44  5:08  Stargate  
  44  5:20  Probe x2  
  46  5:25  Photon Cannon  
  46  5:32  Probe  
  46  5:33  Probe  
  48  5:41  Stargate  
  48  5:44  Probe  
  55  5:57  Carrier  
  55  5:58  Protoss Shields Level 1  
  55  6:00  Stargate  
  55  6:10  Zealot  
  55  6:11  Zealot  
  59  6:37  Pylon x2  
  59  6:40  Pylon  
  59  6:42  Pylon  
  59  6:55  Carrier  
  59  6:56  Carrier  
  71  7:01  Pylon  
  71  7:02  Protoss Air Weapons Level 2 (Chrono Boost)  
  71  7:04  Photon Cannon  
  71  7:10  Carrier  
  77  7:24  Carrier  
  83  8:09  Carrier  
  89  8:15  Nexus  
  89  8:17  Pylon  
  89  8:18  Probe x2  
  89  8:19  Assimilator  
  91  8:23  Assimilator  
  91  8:30  Probe x2  
  93  8:38  Pylon  
  93  8:41  Carrier  
  93  8:42  Probe  
  100  9:06  Carrier  
  100  9:08  Probe  
  100  9:09  Probe  
  108  9:12  Pylon  
  108  9:14  Protoss Air Weapons Level 3 (Chrono Boost)  
  108  9:15  Pylon  
  108  9:20  Probe  
  109  9:27  Probe x2  
  111  9:33  Probe  
  112  9:39  Probe x2  
  112  9:45  Probe  
  115  9:48  Carrier  
  115  9:51  Probe x2  
  123  10:24  Carrier x2  
  132  10:52  Pylon  
  132  10:53  Pylon  
  132  10:55  Pylon  
  132  10:57  Pylon  
  138  11:21  Nexus  
  138  11:25  Pylon  
  144  11:28  Pylon  
  144  11:32  Pylon  
  144  11:33  Pylon  
  144  11:34  Pylon  
Tags
 
Add a new tag
Caveats
  • Supply blocks, unpowered buildings, or Contaminate may cause inaccurate times.
  • Supply counts are checked every 10 seconds.